 Dungeon Crawl Stone Soup version 0.29.0-4-gdea44cf6ec (webtiles) character file.

Game seed: 12724381223828420754

323 qw the Chopper (level 6, 0/53 HPs)
             Began as a Minotaur Berserker on Sept 6, 2022.
             Was a Priest of Trog.
             Slain by Sigmund
             ... wielding a +0 scythe
              (1 damage)
             ... on level 4 of the Dungeon.
             The game lasted 00:01:14 (3137 turns).

qw the Chopper (Minotaur Berserker)                 Turns: 3137, Time: 00:01:15

Health: 0/53       AC: 13    Str: 23    XL:     6   Next: 23%
Magic:  5/5        EV: 11    Int:  4    God:    Trog [***...]
Gold:   129        SH:  0    Dex: 10    Spells: 5/5 levels left

rFire   . . .      SeeInvis .   Y - +0 hand axe
rCold   . . .      Faith    .   (no shield)
rNeg    . . .      Spirit   .   l - +0 plate armour
rPois   .          Reflect  .   (helmet restricted)
rElec   .          Harm     .   (no cloak)
rCorr   .          Rampage  .   (no gloves)
Will    .....                   (no boots)
Stlth   ..........              (no amulet)
HPRegen 0.17/turn               j - +4 ring of evasion
MPRegen 0.09/turn               (no ring)

@: on berserk cooldown, slowed, very slow
A: horns 2, retaliatory headbutt, iridescent scales 1, wild magic 1
a: Renounce Religion, Berserk, Trog's Hand


You were on level 4 of the Dungeon.
You worshipped Trog.
Trog was most pleased with you.
You visited 1 branch of the dungeon, and saw 4 of its levels.

You collected 159 gold pieces.
You spent 30 gold pieces at shops.


Innate Abilities, Weirdness & Mutations

You have a pair of horns on your head.
You reflexively headbutt those who attack you in melee.
You are partially covered in iridescent scales. (AC +2)
Your spells are a little harder to cast, but a little more powerful.


   Skills:
 - Level 4.6 Fighting
 + Level 7.7 Axes
 - Level 3.1 Armour
 - Level 2.1 Dodging


You had 5 spell levels left.
You didn't know any spells.
Your spell library was empty.

Inventory:

Hand Weapons
 c - a +0 flail
 Y - a +0 hand axe (weapon)
Armour
 l - a +0 plate armour (worn)
Jewellery
 j - a +4 ring of evasion (left hand)
Scrolls
 a - 3 scrolls of teleportation
 i - a scroll of identify
 k - a scroll of fear {unknown}
 m - a scroll of vulnerability {unknown}
 n - a scroll of brand weapon {unknown}
Potions
 b - 2 potions of curing
 d - a potion of resistance {unknown}
 e - a potion of heal wounds
 f - a potion of cancellation
 g - a potion of lignification {unknown}
 h - a potion of mutation

Dungeon Overview and Level Annotations

Branches:
Dungeon (4/15)
 Temple: D:4-7

Altars:
Ru
Uskayaw
Wu Jian
Xom

Shops:
D:1 (   D:2 !

Annotations:
D:4 Sigmund


Message History

You swing at nothing.
Something hits you.
You swing at nothing.
Something hits you but does no damage.
You swing at nothing.
Something hits you!
You swing at nothing.
Something hits you.
You swing at nothing.
Something hits you.
You swing at nothing.
Something hits you but does no damage.
You swing at nothing.
Something hits you but does no damage.
You swing at nothing.
You swing at nothing.
Something hits you but does no damage.
You swing at nothing.
Something hits you but does no damage.
You swing at nothing.
Something hits you!
You swing at nothing.
Something hits you.
You swing at nothing.
Something hits you.
You swing at nothing.
Something hits you.
You swing at nothing.
Something hits you.
You swing at nothing.
Something hits you.
You swing at nothing.
You hear some strange, mumbled words.
A puff of flame appears from out of thin air!
The puff of flame misses you.
You swing at nothing.
Something hits you.
You swing at nothing.
Something hits you.
You die...

#.###.# #### #.# #.##
...<# #.# #..##....#
#### #.####.......#
#...## ..##..(......#
#...... ####..%.######
....... ###...#.....#
##{......
.....##.....####.).$....
####.# #........@# #.#
#.....##### ##.#
#....###### #..#
#........[#
###.####....######
............#
.....###.)..# ..#.##
##..## ....# ##...#


There were no monsters in sight!

Vanquished Creatures
  A bullfrog (D:4)
  An orc wizard (D:3)
  Robin (D:4)
  12 adders
  A worm (D:2)
  3 dart slugs
  9 orcs
  4 endoplasms
  3 giant cockroaches
  13 goblins
  10 hobgoblins
  14 jackals
  4 kobolds
  5 quokkas
  7 ball pythons
  4 bats
  2 frilled lizards
  3 rats (D:2)
97 creatures vanquished.

Notes
Turn   | Place    | Note
-------+----------+-------------------------------------------
     0 | D:1      | qw the Minotaur Berserker began the quest for the Orb.
     0 | D:1      | Reached XP level 1. HP: 19/19 MP: 0/0
     0 | D:1      | 0 ||| qw: Version: 0.1-a-108-g9e35731
     0 | D:1      | 0 ||| qw: Game counter: 6207
     0 | D:1      | 0 ||| qw: Always use a shield: true
     0 | D:1      | 0 ||| qw: Do Orc after D:15 true
     0 | D:1      | 0 ||| qw: Do second Lair branch before Depths: true
     0 | D:1      | 0 ||| qw: Lair rune preference: random
     0 | D:1      | 0 ||| qw: Plans: Normal
     0 | D:1      | 0 ||| PLANNING D:1-11
    13 | D:1      | 13 ||| Stepping ~*~*~tactically~*~*~ (stealth).
    14 | D:1      | 14 ||| Stepping ~*~*~tactically~*~*~ (stealth).
    61 | D:1      | Reached skill level 4 in Axes
   183 | D:1      | Reached XP level 2. HP: 26/26 MP: 1/1
   278 | D:1      | Found Kilattawu's Antique Weapon Boutique.
   285 | D:1      | 285 ||| SHOPLISTING glowing hand axe (144 gold, have 0).
   294 | D:1      | 294 ||| Stepping ~*~*~tactically~*~*~ (stealth).
   296 | D:1      | 296 ||| Stepping ~*~*~tactically~*~*~ (stealth).
   299 | D:1      | 299 ||| Stepping ~*~*~tactically~*~*~ (stealth).
   342 | D:1      | 342 ||| Stepping ~*~*~tactically~*~*~ (stealth).
   612 | D:1      | 612 ||| Stepping ~*~*~tactically~*~*~ (stealth).
   631 | D:1      | 631 ||| Stepping ~*~*~tactically~*~*~ (stealth).
   632 | D:1      | 632 ||| Stepping ~*~*~tactically~*~*~ (stealth).
   637 | D:1      | Reached skill level 5 in Axes
   641 | D:1      | 641 ||| Stepping ~*~*~tactically~*~*~ (stealth).
   648 | D:1      | 648 ||| Stepping ~*~*~tactically~*~*~ (stealth).
   652 | D:1      | Reached ** piety under Trog
   789 | D:1      | Reached XP level 3. HP: 22/31 MP: 2/2
   958 | D:1      | 958 ||| UPGRADING to +0 chain mail.
   968 | D:1      | 968 ||| DROPPING +0 animal skin.
   969 | D:1      | 969 ||| READING scroll labelled IFROYDUOR.
   974 | D:1      | 974 ||| READING scroll labelled NINING WULEXU.
   975 | D:1      | 975 ||| READING scroll labelled DEQ QEORATU.
  1075 | D:2      | Found Etezuti's Distillery.
  1092 | D:2      | 1092 ||| BUYING potion of curing (30 gold).
  1092 | D:2      | Bought a potion of curing for 30 gold pieces
  1092 | D:2      | 1092 ||| SHOPLISTING potion of curing (30 gold, have 6).
  1092 | D:2      | 1092 ||| SHOPLISTING potion of experience (500 gold, have
                  | 6).
  1092 | D:2      | 1092 ||| SHOPLISTING potion of haste (100 gold, have 6).
  1092 | D:2      | 1092 ||| SHOPLISTING potion of heal wounds (50 gold, have
                  | 6).
  1205 | D:2      | 1205 ||| DROPPING +0 club.
  1311 | D:2      | Reached skill level 6 in Axes
  1311 | D:2      | Reached XP level 4. HP: 25/39 MP: 3/3
  1427 | D:2      | You fall into a shaft and drop 1 floor!
  1528 | D:3      | Found a faded altar of an unknown god.
  1689 | D:3      | 1689 ||| DROPPING scarf of shadows.
  1690 | D:3      | 1690 ||| UPGRADING to +0 plate armour.
  1700 | D:3      | 1700 ||| DROPPING +0 chain mail.
  1701 | D:3      | 1701 ||| UPGRADING to +4 ring of evasion.
  1702 | D:3      | 1702 ||| READING scroll labelled MYERIN SI PED.
  1703 | D:3      | 1703 ||| DRINKING 2 metallic dark potions.
  1703 | D:3      | Gained mutation: Your spells are a little harder to cast,
                  | but a little more powerful. [potion of mutation]
  1703 | D:3      | Gained mutation: Your natural rate of healing is unusually
                  | fast. [potion of mutation]
  1703 | D:3      | Lost mutation: Your natural rate of healing is unusually
                  | fast. [potion of mutation]
  1703 | D:3      | Gained mutation: You are partially covered in iridescent
                  | scales. (AC +2) [potion of mutation]
  1819 | D:2      | 1819 ||| Stepping ~*~*~tactically~*~*~ (stealth).
  1937 | D:2      | Found a sacrificial altar of Ru.
  1946 | D:2      | 1946 ||| Stepping ~*~*~tactically~*~*~ (stealth).
  2227 | D:2      | 2227 ||| DROPPING orb of mayhem.
  2228 | D:2      | 2228 ||| DRINKING 2 amethyst potions.
  2294 | D:3      | Found an ornate altar of the Wu Jian Council.
  2297 | D:3      | Found a shimmering altar of Xom.
  2303 | D:3      | Found a hide-covered altar of Uskayaw.
  2326 | D:3      | 2326 ||| Stepping ~*~*~tactically~*~*~ (stealth).
  2328 | D:3      | 2328 ||| Stepping ~*~*~tactically~*~*~ (hiding).
  2334 | D:3      | 2334 ||| INVOKING Berserk.
  2339 | D:3      | Reached skill level 7 in Axes
  2339 | D:3      | Reached XP level 5. HP: 45/45 MP: 4/4
  2359 | D:3      | 2359 ||| FLEEEEING.
  2360 | D:3      | 2360 ||| FLEEEEING.
  2672 | D:3      | 2672 ||| READING 2 scrolls of identify.
  2672 | D:3      | 2672 ||| IDENTIFYING coppery potion
  2716 | D:4      | Reached skill level 3 in Armour
  2788 | D:4      | 2788 ||| Stepping ~*~*~tactically~*~*~ (stealth).
  2803 | D:4      | 2803 ||| Stepping ~*~*~tactically~*~*~ (stealth).
  2833 | D:4      | Noticed Robin
  2837 | D:4      | 2837 ||| Stepping ~*~*~tactically~*~*~ (hiding).
  2840 | D:4      | 2840 ||| INVOKING Berserk.
  2844 | D:4      | Reached XP level 6. HP: 53/53 MP: 5/5
  2845 | D:4      | Killed Robin
  3019 | D:4      | 3019 ||| Stepping ~*~*~tactically~*~*~ (stealth).
  3025 | D:4      | Reached *** piety under Trog
  3032 | D:4      | 3032 ||| Stepping ~*~*~tactically~*~*~ (stealth).
  3101 | D:4      | Noticed Sigmund
  3104 | D:4      | 3104 ||| INVOKING Berserk.
  3133 | D:4      | HP: 9/53 [something (5)]
  3136 | D:4      | HP: 1/53 [something (6)]
  3137 | D:4      | Slain by Sigmund

Levels and vault maps discovered:
D:1:      scummos_arrival_simple_crosswalls, layout_loops_ring, serial_shops,
          shop_fountains, minmay_misc_feat_x
D:2:      layout_basic, serial_shops, nicolae_shop_waterfront, basic_altar,
          grunt_ministairs_11, dk_vineyard_1
D:3:      layout_rooms, grunt_temple_overflow_diamond,
          chequers_ecumenical_altar_grove, minmay_misc_feat_tower
D:4:      layout_rooms, nicolae_overflow_hidden_temple, uniq_robin, uniq_sigmund

Skill      XL: |  1  2  3  4  5 |
---------------+----------------+-----
Axes           | 4 5 6 7 |  7.7
Armour         | 3 |  3.1
Fighting       | 4 |  4.6
Dodging        | |  2.1

Action                   |  1- 3 |  4- 6 || total
-------------------------+-------+-------++-------
Melee: Hand axe          |    75 |   133 ||   208
       Headbutt          |    11 |    25 ||    36
       Punch             |       |     1 ||     1
Invok: Berserk           |       |     3 ||     3
  Use: Scroll            |     3 |     2 ||     5
       Potion            |       |     2 ||     2
Armor: Animal skin       |    10 |       ||    10
       Chain mail        |    13 |       ||    13
       Plate armour      |       |    50 ||    50
Dodge: Dodged            |    42 |    53 ||    95

Table legend:
 A = Non-vault XP
 B = Vault XP
 C = Vault XP percentage of total XP
 D = Non-vault monster count
 E = Vault monster count
 F = Vault count percentage of total count
                 A         B        C        D         E       F
            +---------+---------+-------+---------+---------+-------
      Total |     410 |      52 |  11.3 |      84 |      13 |  13.4
            +---------+---------+-------+---------+---------+-------
        D:1 |      43 |       0 |   0.0 |      25 |       0 |   0.0
        D:2 |     110 |      17 |  13.4 |      22 |       2 |   8.3
        D:3 |      82 |       0 |   0.0 |      15 |       0 |   0.0
        D:4 |     175 |      35 |  16.7 |      22 |      11 |  33.3
            +---------+---------+-------+---------+---------+-------
